Map: Daybreak LE (Void)

Players

Gemini

  • Race: Protoss Protoss
  • League: Master
  • Spawn Location: 1:00

A.I. 1 (Very Easy) - Winner!

  • Race: Zerg Zerg
  • Spawn Location: 7:00

VOD

Have the link to the VOD?

Description

Time

  • Played on: Jan. 21, 2017, 10:50 p.m.
  • Length: 9:04
Show
View Real Time Build Order
Export as new Build Order

Gemini Protoss 

Build Orders: 1 Gate Expand 

Get SALT Encoding   

  12  0:01  Probe (Chrono Boost)  
  13  0:12  Probe (Chrono Boost)  
  14  0:18  Pylon  
  14  0:22  Probe (Chrono Boost)  
  15  0:36  Probe (Chrono Boost)  
  15  0:39  Gateway  
  16  0:46  Probe (Chrono Boost)  
  16  0:48  Assimilator  
  17  0:57  Probe (Chrono Boost)  
  18  1:08  Probe (Chrono Boost)  
  19  1:22  Nexus  
  19  1:25  Probe (Chrono Boost)  
  20  1:35  Cybernetics Core  
  20  1:41  Probe (Chrono Boost)  
  20  1:45  Assimilator  
  21  1:51  Probe (Chrono Boost)  
  22  1:56  Pylon  
  22  2:02  Probe (Chrono Boost)  
  22  2:07  Warp Gate  
  23  2:10  Adept  
  26  2:16  Probe (Chrono Boost)  
  26  2:23  Twilight Council  
  26  2:28  Probe (Chrono Boost)  
  27  2:34  Adept  
  27  2:35  Probe (Chrono Boost)  
  28  2:40  Probe (Chrono Boost)  
  31  2:45  Probe (Chrono Boost)  
  31  2:47  Resonating Glaives  
  33  2:53  Probe (Chrono Boost)  
  33  2:57  Probe (Chrono Boost)  
  34  3:00  Adept  
  36  3:07  Gateway  
  36  3:15  Gateway  
  36  3:17  Probe (Chrono Boost)  
  36  3:18  Probe (Chrono Boost)  
  38  3:27  Adept  
  38  3:29  Probe (Chrono Boost)  
  38  3:30  Probe (Chrono Boost)  
  42  3:35  Pylon  
  44  3:41  Probe (Chrono Boost)  
  44  3:42  Probe (Chrono Boost)  
  44  3:48  Stargate  
  44  3:49  Stargate  
  44  3:54  Probe (Chrono Boost)  
  44  3:55  Probe (Chrono Boost)  
  46  4:03  Pylon  
  46  4:05  Probe (Chrono Boost)  
  46  4:07  Probe (Chrono Boost)  
  48  4:14  Adept  
  48  4:15  Adept x2  
  54  4:19  Assimilator  
  54  4:20  Assimilator  
  54  4:21  Probe (Chrono Boost)  
  54  4:22  Probe (Chrono Boost)  
  56  4:32  Probe (Chrono Boost)  
  56  4:33  Phoenix  
  56  4:34  Probe (Chrono Boost)  
  56  4:36  Phoenix, Pylon  
  62  4:46  Pylon  
  62  4:56  Probe x2 (Chrono Boost)  
  62  4:58  Nexus  
  64  5:00  Pylon  
  64  5:02  Phoenix  
  64  5:06  Phoenix  
  70  5:15  Probe x2 (Chrono Boost)  
  70  5:23  Phoenix  
  70  5:27  Phoenix  
  75  5:28  Mothership Core (Chrono Boost)  
  75  5:29  Probe (Chrono Boost)  
  77  5:41  Probe (Chrono Boost)  
  78  5:45  Phoenix  
  78  5:47  Pylon  
  78  5:48  Probe (Chrono Boost)  
  78  5:49  Phoenix  
  81  5:54  Probe (Chrono Boost)  
  84  6:00  Probe (Chrono Boost)  
  85  6:06  Probe (Chrono Boost)  
  85  6:07  Phoenix  
  85  6:11  Phoenix  
  88  6:16  Probe (Chrono Boost), Assimilator  
  88  6:18  Probe (Chrono Boost)  
  92  6:20  Robotics Facility, Assimilator  
  92  6:21  Probe (Chrono Boost)  
  92  6:22  Forge  
  93  6:28  Probe (Chrono Boost), Pylon  
  93  6:30  Probe (Chrono Boost)  
  95  6:34  Probe (Chrono Boost)  
  97  6:40  Probe (Chrono Boost)  
  97  6:42  Probe (Chrono Boost)  
  97  6:44  Protoss Ground Weapons Level 1  
  97  6:45  Probe (Chrono Boost), Gateway  
  97  6:46  Gateway  
  99  6:49  Gateway  
  99  6:50  Pylon  
  99  6:52  Probe (Chrono Boost)  
  100  6:58  Templar Archives  
  100  6:59  Probe (Chrono Boost)  
  100  7:00  Probe (Chrono Boost)  
  102  7:05  Zealot x2  
  102  7:06  Zealot  
  108  7:12  Probe (Chrono Boost), Pylon  
  109  7:17  Gateway, Charge  
  109  7:19  Gateway  
  109  7:26  Psionic Storm, Gateway  
  109  7:27  Pylon  
  109  7:28  Probe (Chrono Boost), Observer  
  111  7:34  Zealot x2  
  115  7:44  High Templar x3  
  121  7:51  High Templar  
  121  7:55  Warp Prism  
  128  7:59  Probe x2 (Chrono Boost)  
  128  8:00  Probe (Chrono Boost)  
  128  8:01  Pylon x2  
  128  8:04  Sentry  
  128  8:05  Zealot  
  132  8:19  Zealot x5  
  146  8:34  High Templar x2  
  146  8:36  Zealot x2  
  146  8:40  Archon  
  146  8:41  Nexus  
  154  8:43  Pylon  
  154  8:45  High Templar  
  156  8:51  Pylon  
  156  8:53  Pylon x2  
  156  8:54  Pylon  
  156  8:56  Pylon  
Show
View Real Time Build Order
Export as new Build Order

A.I. 1 (Very Easy) Zerg - Winner!

Build Orders: Pool First 

Get SALT Encoding   

  12  0:01  Drone  
  13  0:12  Overlord  
  13  0:17  Drone  
  14  0:35  Spawning Pool  
  13  0:36  Extractor  
  13  0:39  Drone  
  13  0:46  Drone  
  14  0:52  Overlord  
  14  1:22  Zergling x2  
  14  1:24  Queen  
  17  1:32  Roach Warren  
  16  1:35  Drone  
  16  1:39  Extractor  
  16  1:43  Drone  
  17  1:51  Zergling x2  
  18  2:01  Drone  
  19  2:09  Drone  
  20  2:18  Drone  
  20  2:20  Zergling x2  
  22  2:28  Overlord  
  22  2:32  Drone  
  23  2:39  Drone  
  24  2:46  Drone  
  24  2:50  Roach  
  27  4:09  Zergling x2  
  27  6:49  Zergling x2  
  27  6:52  Overlord  
  26  7:03  Overlord  
  26  7:15  Overlord  
  22  7:23  Zergling x2  
  22  7:25  Drone  
  22  7:29  Overlord  
  19  7:31  Lair  
  19  7:40  Hatchery  
  19  7:42  Drone  
  19  7:49  Drone, Overlord  
  19  7:50  Overlord  
  20  7:52  Zergling x2  
  21  8:08  Drone  
  21  8:09  Overlord  
  17  8:21  Zergling x2  
  18  8:27  Drone, Overlord  
  21  8:34  Drone  
  21  8:36  Overlord  
  22  8:42  Overlord  
Tags
 
Add a new tag
Caveats
  • Supply blocks, unpowered buildings, or Contaminate may cause inaccurate times.
  • Supply counts are checked every 10 seconds.